 Dungeon Crawl Stone Soup version 0.29-a0-330-g52719c12eb (webtiles) character file.

Game seed: 8829932569340308978

441 kae the Firebug (level 6, -4/45 HPs)
             Began as a Demigod Fire Elementalist on Apr 30, 2022.
             Slain by a gnoll
             ... wielding a +0 spear
              (6 damage)
             ... on level 5 of the Dungeon.
             The game lasted 00:02:40 (5039 turns).

kae the Firebug (Demigod Fire Elementalist)         Turns: 5039, Time: 00:02:41

Health: -4/45      AC:  3    Str:  9    XL:     6   Next: 42%
Magic:  9/14       EV: 12    Int: 25    God:
Gold:   214        SH:  0    Dex: 14    Spells: 5/11 levels left

rFire   + . .      SeeInvis .   c - staff of fire
rCold   + . .      Faith    .   (no shield)
rNeg    . . .      Spirit   .   a - +0 robe
rPois   .          Reflect  .   (no helmet)
rElec   .          Harm     .   q - +0 cloak
rCorr   .          Rampage  .   (no gloves)
Will    .....                   (no boots)
Stlth   ++........              (no amulet)
HPRegen 0.15/turn               f - ring of protection from cold
MPRegen 0.14/turn               (no ring)

@: lethally poisoned (-4 -> -16)
A: high MP 1, forlorn, divine attributes
a: no special abilities


You were on level 5 of the Dungeon.
You visited 1 branch of the dungeon, and saw 5 of its levels.

You collected 214 gold pieces.

Inventory:

Armour
 a - a +0 robe (worn)
 d - the +1 chain mail "Kybbye" {Stlth+}
   (You found it on level 2 of the Dungeon)

   Stlth:     It makes you more stealthy.
 q - a +0 cloak (worn)
 v - the +8 plate armour of Loss {Int+7}
   (You found it on level 4 of the Dungeon)

   Int:       It affects your intelligence (+7).
Magical Staves
 c - a staff of fire (weapon)
Jewellery
 f - a ring of protection from cold (left hand)
Wands
 k - a wand of flame (10)
 l - a wand of polymorph (12)
Scrolls
 h - 3 scrolls of teleportation
 n - a scroll of identify
 p - 2 scrolls of fog
 r - a scroll of immolation {unknown}
 s - 3 scrolls of vulnerability {unknown}
 t - a scroll of enchant weapon
 u - a scroll of blinking
 w - a scroll of noise {unknown}
Potions
 b - a potion of magic
 e - 2 potions of attraction
 g - a potion of lignification
 i - 2 potions of resistance
 j - a potion of haste
 m - a potion of might {unknown}
 o - a potion of mutation {unknown}


   Skills:
 + Level 2.5 Armour
 - Level 1.7 Dodging
 - Level 1.7 Stealth
 + Level 3.3 Spellcasting
 + Level 3.3 Conjurations
 + Level 4.2 Fire Magic


You had 5 spell levels left.
You knew the following spells:

 Your Spells              Type           Power      Damage    Failure   Level
a - Foxfire               Conj/Fire      100%       2x1d9     1%          1
b - Scorch                Fire           76%        2d9       2%          2
c - Conjure Flame         Conj/Fire      34%        6-21      6%          3

Your spell library contained the following spells:

 Spells                   Type           Power      Damage    Failure   Level
 Inner Flame              Hex/Fire       22%        N/A       12%         3
 Flame Wave               Conj/Fire      34%        2d8       21%         4
 Call Canine Familiar     Summ           4%         N/A       28%         3
 Portal Projectile        Hex/Tloc       8%         N/A       28%         3
 Leda's Liquefaction      Hex/Erth       2%         N/A       67%         4


Dungeon Overview and Level Annotations

Branches:
Dungeon (5/15)
 Temple: D:4-7

Annotations:
D:2 Sigmund


Innate Abilities, Weirdness & Mutations

You have an increased reservoir of magic. (+10% MP)
You shall have no god before yourself.
Your divine heritage dramatically boosts your attributes as you level up.


Message History

Confirm with . or Enter, or press ? or * to list all spells.
You feel a surge of power!
Flames lash the centaur.
The centaur is almost dead.
The centaur's fire resistance burns away.
The centaur shoots an arrow.
The arrow closely misses you.
The centaur shoots an arrow.
The arrow barely misses you.
Your foxfire dissipates!
Your foxfire dissipates!
The centaur shoots an arrow.
The arrow hits you!
Casting: Scorch (safe; 2% risk of failure)
Confirm with . or Enter, or press ? or * to list all spells.
You feel a surge of power!
Flames lash the centaur.
The centaur is burned terribly!
You kill the centaur!
You hear a shout!
A gnoll comes into view. It is wielding a +0 spear.
The gnoll shaman drinks a potion.
The gnoll shaman seems to speed up.
A gnoll comes into view. It is wielding a +0 hand axe.
A gnoll comes into view.
It is wielding a +0 club and quivering poisoned darts.
The gnoll hits you from afar with a +0 spear.
Unknown command.
The gnoll drinks a potion.
The gnoll suddenly seems more resistant.
The gnoll shaman calls upon its god to speed up something.
The gnoll shaman attacks as you move away!
The gnoll shaman hits you with a +0 club.
The gnoll shaman mumbles some strange prayers to its god against you.
You resist with some effort.
The gnoll throws a poisoned dart.
The poisoned dart hits you!
You are poisoned.
You feel sick.
The gnoll throws a poisoned dart.
The poisoned dart hits you!
You are lethally poisoned!
There is a stone staircase leading up here.
* * * LOW HITPOINT WARNING * * *
You feel very sick. The gnoll shaman barely misses you.
The gnoll shaman hits you with a +0 club!
* * * LOW HITPOINT WARNING * * *
The gnoll hits you from afar with a +0 spear.
You die...

#..##.....# ..........#
##.#......####
##...........#
..........##.#####
.................#
...#..#..........######
........###...g..##...#
..............gg@.#...#
......#####..##.......#
........###.###..##...#
......#.....# ##.##...#
......###..## #.##...#
......# #..# #.######
......###..#####.####
................>....
..#####.#.##.........


You could see a gnoll shaman (fast) and 2 gnolls.

Vanquished Creatures
  2 ogres
  A centaur (D:5)
  A scorpion (D:5)
  An orc wizard (D:4)
  A gnoll (D:5)
  4 adders
  A worm (D:3)
  2 dart slugs
  5 orcs
  A bat (D:3)
  7 endoplasms
  3 giant cockroaches
  5 hobgoblins
  A quokka (D:3)
  5 ball pythons
  A frilled lizard (D:2)
  7 goblins
  6 kobolds
  5 rats
59 creatures vanquished.

Vanquished Creatures (others)
  273 foxfires
273 creatures vanquished.

Grand Total: 332 creatures vanquished

Notes
Turn   | Place    | Note
-------+----------+-------------------------------------------
     0 | D:1      | kae the Demigod Fire Elementalist began the quest for the
                  | Orb.
     0 | D:1      | Reached XP level 1. HP: 14/14 MP: 5/5
    65 | D:1      | Reached skill level 1 in Conjurations
   789 | D:1      | Reached XP level 2. HP: 20/20 MP: 4/7
   979 | D:1      | Reached skill level 3 in Fire Magic
  1288 | D:1      | Learned a level 2 spell: Scorch
  1536 | D:2      | Identified a scroll of acquirement
  1536 | D:2      | Acquired a staff of fire
  1552 | D:2      | Identified the +1 chain mail "Kybbye" {Stlth+}
  2040 | D:2      | Noticed Sigmund
  2127 | D:2      | Reached XP level 3. HP: 25/26 MP: 2/9
  2323 | D:2      | Learned a level 3 spell: Conjure Flame
  3349 | D:3      | Reached skill level 1 in Armour
  3349 | D:3      | Reached XP level 4. HP: 33/33 MP: 5/10
  3978 | D:4      | Noticed an ogre
  3990 | D:4      | Killed an ogre
  3991 | D:4      | Reached XP level 5. HP: 38/38 MP: 7/12
  4606 | D:4      | Identified the +8 plate armour of Loss {Int+7}
  4630 | D:5      | Entered Level 5 of the Dungeon
  4673 | D:5      | Noticed an ogre
  4687 | D:5      | Killed an ogre
  4734 | D:5      | Reached skill level 4 in Fire Magic
  4734 | D:5      | Reached XP level 6. HP: 34/45 MP: 3/13
  5039 | D:5      | HP: 2/45 [gnoll shaman/+0 club (8)]
  5039 | D:5      | Slain by a gnoll

Illustrated notes

Levels and vault maps discovered:
D:1:      nzn_arrival_water_spiral, layout_loops_corners,
          shapermc_ecumenical_altar_pompeii
D:2:      layout_basic, eino_curves_04, uniq_sigmund
D:3:      minmay_angry_zag, layout_rooms, minmay_misc_feat_tower
D:4:      layout_cave_pods, minmay_misc_feat_more_columns
D:5:      layout_rooms, uniq_blork_the_orc

Skill      XL: |  1  2  3  4  5 |
---------------+----------------+-----
Conjurations   | 1 2 3 |  3.3
Spellcasting   | 2 3 |  3.3
Fire Magic     | 3 4 |  4.2
Armour         | 1 2 |  2.5
Dodging        | |  1.7
Stealth        | |  1.7

Action                   |  1- 3 |  4- 6 || total
-------------------------+-------+-------++-------
Melee: Staff             |     6 |       ||     6
 Cast: Foxfire           |   128 |    39 ||   167
       Scorch            |     3 |     6 ||     9
  Use: Scroll            |     6 |     2 ||     8
Armor: Robe              |     6 |     1 ||     7
Dodge: Dodged            |    17 |     7 ||    24

Table legend: (Time is in decaauts)
 A = Elapsed time spent in this place.
 B = Non-inter-level travel time spent in this place.
 C = Inter-level travel time spent in this place.
 D = Time resting spent in this place.
 E = Time spent auto-exploring this place.
 F = Levels seen in this place.
 G = Mean time per level.
                   A        B        C        D        E       F      G
               +--------+--------+--------+--------+--------+-----+--------+
         Total |   5043 |   4877 |    166 |      8 |   4270 |   5 | 1008.6 |
       Dungeon |   5043 |   4877 |    166 |      8 |   4270 |   5 | 1008.6 |
               +--------+--------+--------+--------+--------+-----+--------+

Top non-repeatable levels by time:
     D:1: 1535 daAuts
     D:2: 1190 daAuts
     D:4: 961 daAuts
     D:3: 945 daAuts
     D:5: 408 daAuts
